 Dungeon Crawl Stone Soup version 0.27-a0-1456-gf5a116941d (webtiles) character file.

Game seed: 1109989807370007751

553 robertstho the Magician (level 7, -7/36 HPs)
             Began as a Deep Elf Fire Elementalist on July 6, 2021.
             Mangled by a wyvern zombie (14 damage)
             ... on level 5 of the Dungeon.
             The game lasted 00:05:50 (4818 turns).

robertstho the Magician (DEFE)                      Turns: 4818, Time: 00:05:52

Health: -7/36      AC:  2    Str:  5    XL:     7   Next: 8%
Magic:  14/17      EV: 13    Int: 22    God:
Gold:   173        SH:  0    Dex: 21    Spells: 16/17 levels left

rFire    . . .     SeeInvis .   q - +0 dagger (vamp)
rCold    . . .     Faith    .   (no shield)
rNeg     + . .     Spirit   .   a - +0 robe
rPois    .         Reflect  .   (no helmet)
rElec    .         Harm     .   (no cloak)
rCorr    .         Rampage  .   (no gloves)
Will     .....                  (no boots)
Stlth    +++.......             (no amulet)
HPRegen  0.12/turn              f - +6 ring of dexterity
MPRegen  0.15/turn              l - ring of positive energy

@: no status effects
A: no striking features
a: no special abilities


You were on level 5 of the Dungeon.
You visited 1 branch of the dungeon, and saw 5 of its levels.

You collected 173 gold pieces.

Inventory:

Hand Weapons
 b - a +0 short sword
 q - a +0 vampiric dagger (weapon)
Missiles
 o - a throwing net
Armour
 a - a +0 robe (worn)
Jewellery
 f - a +6 ring of dexterity (left hand)
 l - a ring of positive energy (right hand)
Scrolls
 c - 2 scrolls of immolation {unknown}
 d - 2 scrolls of identify {unknown}
 e - a scroll of noise {unknown}
 g - a scroll of amnesia {unknown}
 h - 2 scrolls of blinking {unknown}
 i - a scroll of summoning {unknown}
 k - a scroll of vulnerability {unknown}
 p - a scroll of teleportation {unknown}
Potions
 j - a potion of lignification {unknown}
 m - a potion of mutation {unknown}
 n - a potion of haste {unknown}


   Skills:
 + Level 0.1 Fighting
 + Level 2.4 Dodging
 + Level 3.6 Stealth
 * Level 5.9 Spellcasting
 * Level 4.6 Conjurations
 * Level 5.7 Fire Magic


You had 16 spell levels left.
You knew the following spells:

 Your Spells              Type           Power      Damage    Failure   Level
a - Foxfire               Conj/Fire      100%       2x1d9     1%          1

Your spell library contained the following spells:

 Spells                   Type           Power      Damage    Failure   Level
 Conjure Flame            Conj/Fire      29%        6-21      3%          3
 Inner Flame              Hex/Fire       19%        N/A       9%          3
 Sticky Flame             Conj/Fire      29%        2d5       11%         4
 Ignite Poison            Fire/Tmut/Pois 14%        N/A       13%         3
 Mephitic Cloud           Conj/Pois/Air  13%        N/A       14%         3
 Frozen Ramparts          Ice            12%        1d3       28%         3
 Fireball                 Conj/Fire      14%        3d8       30%         5
 Bolt of Magma            Conj/Fire/Erth 10%        4d7       52%         5
 Ice Form                 Ice/Tmut       6%         N/A       67%         4
 Summon Ice Beast         Ice/Summ       6%         N/A       67%         4


Dungeon Overview and Level Annotations

Branches:
Dungeon (5/15)
 Temple: D:4-7

Altars:
Elyvilon
Beogh

Annotations:
D:4 3 runed translucent doors, CowFu's ghost, novice DjVM


Message History

Your foxfire dissipates!
The adder bites you.
You are poisoned.
The adder poisons you!
You feel sick.
You feel sick.
Casting: Foxfire (safe; 1% risk of failure)
Confirm with . or Enter, or press ? or * to list all spells.
You don't know that spell.
Unknown command.
You feel sick. The adder bites you.
Casting: Foxfire (safe; 1% risk of failure)
Press: ? - help, Q - select action, (/) - cycle Dir - look around, f - activate You conjure some foxfire!
You feel sick. The adder bites you.
Unknown command.
Casting: Foxfire (safe; 1% risk of failure)
Press: ? - help, Q - select action, (/) - cycle Dir - look around, f - activate You conjure some foxfire!
You feel sick.
The foxfire hits the adder!
The adder is almost dead.
The foxfire hits the adder.
You kill the adder!
Casting: Foxfire (safe; 1% risk of failure)
Press: ? - help, Q - select action, (/) - cycle Dir - look around, f - activate You conjure some foxfire!
You feel sick.
The foxfire hits the wyvern zombie but does no damage.
The foxfire hits the wyvern zombie!
The wyvern zombie is lightly damaged.
The wyvern zombie bites you.
* * * LOW HITPOINT WARNING * * *
You feel sick.
You are no longer poisoned.
The foxfire hits the wyvern zombie!
The wyvern zombie is heavily damaged.
The foxfire hits the wyvern zombie but does no damage.
The wyvern zombie is heavily damaged.
The wyvern zombie bites you!
You die...

######## #......#
####[.....# #......#
#.........####......#
#...................#
####...............##### #.
...................# ..
.##...)#####.......######.
.......'...+.......'......
)##....#####..†.@§§###....
.##....#####.....Z.# .####
.##.#.....##....§..###.#..#
.##'#.....#########.......#
.#........# #.##.#.##
.#........# #.# .#
..........# #.< ..
.####....... ### #..
#####.###.#. ...


You could see a wyvern zombie.

Vanquished Creatures
  Sigmund (D:3)
  An ogre (D:5)
  A bullfrog (D:3)
  A bullfrog zombie (D:5)
  A jelly (D:4)
  A hound (D:5)
  An iguana (D:5)
  4 gnolls (D:4)
  3 adders
  3 worms
  An adder skeleton (D:4)
  2 dart slugs
  2 orcs
  2 endoplasms
  3 giant cockroaches
  5 goblins
  7 hobgoblins
  2 jackals (D:3)
  9 kobolds
  3 quokkas
  8 ball pythons
  7 bats
  4 frilled lizards
  5 rats
77 creatures vanquished.

Vanquished Creatures (others)
  445 foxfires
445 creatures vanquished.

Grand Total: 522 creatures vanquished

Notes
Turn   | Place    | Note
-------+----------+-------------------------------------------
     0 | D:1      | robertstho the Deep Elf Fire Elementalist began the quest
                  | for the Orb.
     0 | D:1      | Reached XP level 1. HP: 10/10 MP: 6/6
   413 | D:1      | Reached XP level 2. HP: 15/15 MP: 5/8
   703 | D:1      | Found a faded altar of an unknown god.
  1397 | D:2      | Reached XP level 3. HP: 19/19 MP: 6/10
  2579 | D:3      | Reached XP level 4. HP: 24/24 MP: 0/12
  3004 | D:3      | Noticed a bullfrog
  3009 | D:3      | Killed a bullfrog
  3010 | D:3      | Reached XP level 5. HP: 26/28 MP: 7/13
  3157 | D:3      | Noticed Sigmund
  3167 | D:3      | Killed Sigmund
  3168 | D:3      | Reached skill level 5 in Spellcasting
  3168 | D:3      | Reached skill level 5 in Fire Magic
  3168 | D:3      | Reached XP level 6. HP: 32/32 MP: 5/15
  3561 | D:4      | Found a runed translucent gate.
  3562 | D:4      | Found a runed translucent gate.
  3563 | D:4      | Found a runed translucent gate.
  3565 | D:4      | Noticed CowFu's ghost (novice DjVM)
  3567 | D:4      | Identified the +7 hunting sling "Jeanijig" {vorpal, Str-4
                  | Dex+7}
  3567 | D:4      | Identified the +1 chain mail of Peek-a-Boo {Rampage}
  4066 | D:4      | Found a white marble altar of Elyvilon.
  4600 | D:5      | Entered Level 5 of the Dungeon
  4698 | D:5      | Reached XP level 7. HP: 36/36 MP: 11/17
  4818 | D:5      | Mangled by a wyvern zombie

Illustrated notes

Levels and vault maps discovered:
D:1:      eino_arrival_water_star, layout_basic, ebering_ecumenical_altar_webs
D:2:      layout_rooms
D:3:      layout_basic, uniq_sigmund
D:4:      layout_layer_cave, elyvilon_altar_3, biasface_ghost_orc_armoury
D:5:      layout_basic, serial_shops, nicolae_stop_n_shop_1, nrook_mini_vaults,
          uniq_eustachio

Skill      XL: |  1  2  3  4  5  6 |
---------------+-------------------+-----
Conjurations   | 2 3 4 |  4.6
Fire Magic     | 4 5 |  5.7
Spellcasting   | 4 5 |  5.9
Stealth        | 3 |  3.6
Fighting       | |  0.1
Dodging        | |  2.4

Action                   |  1- 3 |  4- 6 |  7- 9 || total
-------------------------+-------+-------+-------++-------
 Cast: Foxfire           |   141 |   102 |     8 ||   251
Armor: Robe              |     3 |       |       ||     3
Dodge: Dodged            |     9 |    10 |       ||    19

Table legend: (Time is in decaauts)
 A = Elapsed time spent in this place.
 B = Non-inter-level travel time spent in this place.
 C = Inter-level travel time spent in this place.
 D = Time resting spent in this place.
 E = Time spent auto-exploring this place.
 F = Levels seen in this place.
 G = Mean time per level.
                   A        B        C        D        E       F      G
               +--------+--------+--------+--------+--------+-----+--------+
         Total |   4815 |   4731 |     84 |      4 |   4269 |   5 |  963.0 |
       Dungeon |   4815 |   4731 |     84 |      4 |   4269 |   5 |  963.0 |
               +--------+--------+--------+--------+--------+-----+--------+

Top non-repeatable levels by time:
     D:1: 1393 daAuts
     D:4: 1302 daAuts
     D:2: 1076 daAuts
     D:3: 826 daAuts
     D:5: 217 daAuts
